 Seeded DCSS version 0.32-a0-913-g739538afd8 (webtiles) character file.

Game seed: 17073724502869601980 (custom seed)

6662 timneilson the Slicer (level 11, -2/64 HPs)
             Began as a Kobold Enchanter on Apr 8, 2024.
             Was a Follower of Ashenzari.
             Killed from afar by a steam dragon (9 damage)
             ... with a ball of steam
             ... on level 9 of the Dungeon.
             The game lasted 00:23:46 (9640 turns).

timneilson the Slicer (Kobold Enchanter)            Turns: 9640, Time: 00:23:48

Health: -2/64      AC:  5    Str:  6    XL:     11   Next: 22%
Magic:  17/17      EV: 21    Int: 16    God:    Ashenzari [*.....]
Gold:   94         SH:  5    Dex: 23    Spells: 17/19 levels left

rFire   x . .        f - +1 quick blade (venom)
rCold   . . .        (no shield)
rNeg    + + .        b - +1 robe of the Fated Sorrow {Bglg, Dev} (curse)
rPois   +            q - +1 helmet
rElec   .            D - scarf {+Inv}
rCorr   +            (no gloves)
SInv    +            (no boots)
Will    .....        x - amulet "Lashed Together" {Reflect rPois rF- rN++ Dex+3 Slay+3 SH+5, Elem, Melee} (curse)
Stlth   +++++        h - ring of see invisible
HPRegen 0.30/turn    p - ring of resist corrosion
MPRegen 0.15/turn

%: reflection
@: no status effects
A: small, no large weapons, nightstalker 3
a: Renounce Religion, Evoke Invisibility, Curse Item, Shatter the Chains


You were on level 9 of the Dungeon.
You worshipped Ashenzari.
Ashenzari was aware of your devotion.
You visited 1 branch of the dungeon, and saw 9 of its levels.

You collected 920 gold pieces.
You spent 826 gold pieces at shops.

Inventory:

Hand Weapons
 a - a +1 dagger of draining
 f - a +1 quick blade of venom (weapon)
Missiles
 v - a curare-tipped dart
 w - 24 poisoned darts (quivered)
 G - 3 throwing nets
Armour
 b - the cursed +1 robe of the Fated Sorrow (worn) {Bglg, Dev}

   It has a curse which improves the following skills: Beguiling: Hexes and
   Translocations.
   Devices:   Evocations and Shapeshifting.
 q - a +1 helmet (worn)
 D - a scarf of invisibility (worn)
Jewellery
 h - a ring of see invisible (left hand)
 p - a ring of resist corrosion (right hand)
 x - the cursed amulet "Lashed Together" (around neck) {Reflect rPois rF- rN++ Dex+3 Slay+3 SH+5, Elem, Melee}
   (You bought it in a shop on level 8 of the Dungeon)

   [amulet of reflection]

   Reflect:   It reflects blocked missile attacks.
   Dex+3:     It affects your dexterity (+3).
   Slay+3:    It affects your accuracy & damage with ranged weapons and melee
   (+3).
   rF-:       It makes you vulnerable to fire.
   rPois:     It protects you from poison.
   rN++:      It greatly protects you from negative energy.
   SH+5:      It affects your SH (+5).
   It has a curse which improves the following skills: Elements: Fire Magic, Ice
   Magic, Air Magic and Earth Magic.
   Melee Combat: Short Blades, Long Blades, Axes, Maces & Flails, Polearms,
   Staves and Unarmed Combat.
Wands
 l - a wand of roots (21)
 t - a wand of quicksilver (10)
 u - a wand of mindburst (8)
 y - a wand of flame (17)
Scrolls
 m - a scroll of revelation
 r - 2 scrolls of fear
 s - 2 scrolls of amnesia
 B - a scroll of teleportation
 C - a scroll of summoning
 E - a scroll of poison
Potions
 c - a potion of invisibility
 d - 2 potions of lignification
 e - a potion of mutation
 g - 4 potions of haste
 i - 2 potions of curing
 j - 2 potions of might
 k - 2 potions of ambrosia
 n - 2 potions of berserk rage
 z - 2 potions of attraction
 A - a potion of enlightenment


   Skills:
 + Level 5.7 Fighting
 * Level 10.0(10.8) Short Blades
 + Level 4.2 Armour
 * Level 9.3 Dodging
 + Level 8.6 Stealth
 + Level 4.6 Spellcasting
 - Level 4.4(5.2) Hexes
 + Level 3.8(4.5) Ice Magic
 + Level 5.9(6.7) Evocations


You had 17 spell levels left.
You knew the following spells:

 Your Spells              Type           Power      Damage    Failure   Level
a - Ensorcelled Hibernat  Hex/Ice        38%        N/A       3%          2

Your spell library contained the following spells:

 Spells                   Type           Power      Damage    Failure   Level
 Confusing Touch          Hex            20%        N/A       5%          3
 Tukima's Dance           Hex            20%        N/A       5%          3
 Sting                    Conj/Alch      12%        1d3       16%         1
 Dazzling Flash           Conj/Hex       24%        N/A       16%         3
 Summon Ice Beast         Ice/Summ       11%        N/A       19%         3
 Mercury Vapours          Alch/Air       6%         N/A       24%         2
 Volatile Blastmotes      Fire/Tloc      6%         2d10      43%         3
 Iskenderun's Mystic Bla Conj/Tloc 3%             2d3        (+2d1     83%         4
 Summon Mana Viper        Hex/Summ       12%        N/A       83%         5
 Fulminant Prism          Conj/Alch      1%         3d5       85%         4
 Olgreb's Toxic Radiance  Alch           3%         N/A       85%         4
 Conjure Ball Lightning   Conj/Air       1%         3x3d6     100%        6
 Monstrous Menagerie      Summ           1%         N/A       100%        7
 Discord                  Hex            10%        N/A       100%        8
 Disjunction              Tloc           1%         N/A       100%        8


Dungeon Overview and Level Annotations

Branches:
Dungeon (9/15)             Temple (0/1) D:5            Lair (0/5) D:9
    Orc: D:9-12

Altars:
Ashenzari
Okawaru
Qazlal
Sif Muna
Trog
Vehumet
Wu Jian

Shops:
D:8 =


Innate Abilities, Weirdness & Mutations

You are small and have problems with some larger weapons.
You are completely attuned to the shadows.


Message History

The two-headed ogre looks as sick as possible!
You hit the two-headed ogre.
The two-headed ogre looks as sick as possible!
The two-headed ogre is almost dead.
You hit the two-headed ogre.
You kill the two-headed ogre!
Your Short Blades skill increases to level 10!
Things that are here:
a +0 dire flail; a +0 giant spiked club
w - 24 poisoned darts (gained 1);
v - a curare-tipped dart HP restored.
You see here a +1 hat.
g - 4 potions of haste (gained 1)
A steam dragon comes into view.
The steam dragon hisses angrily.
The steam dragon breathes steam at you. The ball of steam hits you!!!
The steam scalds you terribly!
Ouch! That really hurt!
You hear an angry hiss.
You closely miss the steam dragon. You hit the steam dragon.
The steam dragon is poisoned.
The steam dragon is lightly wounded.
You are engulfed in a cloud of scalding steam.
You hit the steam dragon.
The steam dragon looks as sick as possible!
You closely miss the steam dragon.
The steam dragon is lightly wounded.
You are engulfed in a cloud of scalding steam.
* * * LOW HITPOINT WARNING * * *
The steam dragon completely misses you. x2
The steam dragon bites you!
* * * LOW HITPOINT WARNING * * *
The steam dragon barely misses you.
You barely miss the steam dragon.
You hit the steam dragon but do no damage.
The steam dragon looks as sick as possible!
The steam dragon is moderately wounded.
The steam dragon breathes steam at you. The ball of steam hits you!
The steam scalds you terribly!
You die...

.... ....
.... ....
###.....
....
#.......
....
#.....#
....
#.....##
....
#..@D..+
.....
#......#..
.....
#....#+#..
.....
#...§.....
#.....
###.......
#.....
####.§§....
#.....
#.....##...
......
#.....####.
......
#.......#
......


You could see a steam dragon (extremely poisoned, catching breath).

Vanquished Creatures
  A centaur warrior (D:8)
  2 two-headed ogres (D:9)
  Joseph (D:8)
  5 yaks
  2 steam dragons (D:9)
  3 water moccasins
  3 orc warriors
  A black bear (D:6)
  An ogre (D:6)
  2 centaurs
  2 phantoms (D:5)
  2 kobold brigands
  3 bullfrogs
  2 gnoll sergeants
  2 scorpions (D:5)
  8 wights
  3 killer bees (D:7)
  4 howler monkeys
  4 hounds
  9 orc priests
  2 gnoll boudas (D:8)
  2 sleepcaps
  3 iguanas
  8 orc wizards
  24 gnolls
  11 adders
  A shadow imp (D:8)
  A white imp (D:7)
  2 ufetubi (D:6)
  3 dart slugs
  43 orcs
  8 endoplasms
  5 giant cockroaches
  8 hobgoblins
  11 jackals
  4 quokkas
  3 ball pythons
  11 bats
  7 frilled lizards
  6 goblins
  22 kobolds
  5 rats
250 creatures vanquished.

Notes
Turn   | Place    | Note
-------+----------+-------------------------------------------
     0 | D:1      | timneilson the Kobold Enchanter began the quest for the
                  | Orb.
     0 | D:1      | Reached XP level 1. HP: 10/10 MP: 3/3
   210 | D:1      | Identified a scroll of acquirement
   210 | D:1      | Acquired a +1 quick blade of venom
   240 | D:1      | Reached XP level 2. HP: 15/15 MP: 5/5
   262 | D:1      | Reached skill level 2 in Short Blades
   823 | D:3      | Reached XP level 3. HP: 15/20 MP: 6/6
   928 | D:4      | Acquired 556 gold pieces
  1056 | D:2      | Reached skill level 1 in Fighting
  1196 | D:2      | Reached XP level 4. HP: 20/25 MP: 7/7
  1327 | D:2      | Reached skill level 3 in Short Blades
  1583 | D:2      | Reached skill level 1 in Armour
  1996 | D:3      | Reached XP level 5. HP: 26/29 MP: 8/8
  2065 | D:3      | Found a radiant altar of Vehumet.
  2454 | D:3      | Reached skill level 1 in Evocations
  2494 | D:3      | Found a faded altar of an unknown god.
  3226 | D:4      | Reached XP level 6. HP: 30/35 MP: 9/9
  3333 | D:4      | Reached skill level 4 in Short Blades
  3333 | D:4      | Reached skill level 5 in Stealth
  3623 | D:5      | Entered Level 5 of the Dungeon
  3788 | D:5      | Reached XP level 7. HP: 40/40 MP: 10/10
  3895 | D:5      | Reached skill level 5 in Short Blades
  3895 | D:5      | Reached skill level 5 in Dodging
  3904 | D:5      | Noticed a water moccasin
  3915 | D:5      | Killed a water moccasin
  4096 | D:5      | Reached XP level 8. HP: 46/46 MP: 11/11
  4235 | D:5      | Reached skill level 6 in Short Blades
  4243 | D:5      | Found a staircase to the Ecumenical Temple.
  4643 | D:6      | Learned a level 2 spell: Ensorcelled Hibernation
  5783 | D:7      | Reached skill level 1 in Ice Magic
  5783 | D:7      | Reached XP level 9. HP: 34/52 MP: 12/12
  5966 | D:7      | Found an iron altar of Okawaru.
  5998 | D:7      | Found a shimmering blue altar of Sif Muna.
  6053 | D:7      | Reached skill level 7 in Short Blades
  6073 | D:7      | Found a broken altar of Ashenzari.
  6078 | D:7      | Became a worshipper of Ashenzari the Shackled
  7426 | D:8      | Found Idowidgh's Jewellery Emporium.
  7429 | D:8      | Bought the amulet of Ephemeral Luck {Reflect rPois rF- rN++
                  | Dex+3 Slay+3 SH+5} for 826 gold pieces
  7477 | D:8      | Reached skill level 8 in Short Blades
  7494 | D:8      | Reached XP level 10. HP: 26/58 MP: 15/15
  7844 | D:8      | Identified the +5 long sword of Fear {distort, rC+}
  7936 | D:8      | Reached skill level 5 in Evocations
  7996 | D:8      | Noticed Joseph
  8000 | D:8      | Killed Joseph
  8001 | D:8      | Reached skill level 5 in Fighting
  8151 | D:8      | Reached * piety under Ashenzari
  8237 | D:8      | Found a stormy altar of Qazlal.
  8237 | D:8      | Found a bloodstained altar of Trog.
  8237 | D:8      | Found an ornate altar of the Wu Jian Council.
  8380 | D:8      | Reached skill level 9 in Short Blades
  8923 | D:9      | Found a staircase to the Lair.
  9040 | D:9      | Noticed a two-headed ogre
  9054 | D:9      | Killed a two-headed ogre
  9337 | D:9      | Noticed a two-headed ogre
  9338 | D:9      | Noticed a skeletal warrior
  9353 | D:9      | Reached XP level 11. HP: 45/64 MP: 17/17
  9362 | D:9      | Noticed a centaur warrior
  9378 | D:8      | Killed a centaur warrior
  9537 | D:9      | Killed a two-headed ogre
  9538 | D:9      | Reached skill level 10 in Short Blades
  9640 | D:9      | Killed from afar by a steam dragon

Illustrated notes

Levels and vault maps discovered:
D:1:      lightli_arrival_windingriver, layout_loops_ring
D:2:      layout_basic, dk_noncrumbling_3
D:3:      layout_loops_corners, mainiacjoe_overflow_boulevard,
          shapermc_ecumenical_altar_gd, minmay_misc_feat_alley, st_stairs_8
D:4:      layout_gridville, lemuel_flame_loot_1
D:5:      layout_basic, minmay_temple_entry_stoned_glass
D:6:      layout_basic, grunt_decor_mini_mirrors
D:7:      layout_loops_cross, mainiacjoe_overflow_six_doors_small,
          lemuel_round_altar, lemuel_blue_sif_altar
D:8:      layout_cave_pools, gammafunk_temple_overflow_claw, serial_shops, shop,
          hangedman_abyss_or_decor_passed, fungi_pond_lemuel, uniq_joseph
D:9:      layout_basic, dpeg_oklobed_lair, minmay_ruined_shrine

Skill      XL: |  1  2  3  4  5  6  7  8  9 10 11 |
---------------+----------------------------------+-----
Short Blades   | 2 3 4 5 6 8 9 10 | 10.0
Dodging        | 3 4 5 6 7 8 9 |  9.3
Fighting       | 1 2 3 4 5 |  5.7
Armour         | 1 2 3 4 |  4.2
Evocations     | 1 2 3 4 5 |  5.9
Stealth        | 5 6 7 8 |  8.6
Ice Magic      | 1 2 3 |  3.8
Spellcasting   | 3 4 |  4.6
Hexes          | 4 |  4.4

Action                     |  1- 3 |  4- 6 |  7- 9 | 10-12 || total
---------------------------+-------+-------+-------+-------++-------
  Melee: Dagger            |     4 |       |       |       ||     4
         Quick blade       |    45 |   221 |   531 |   351 ||  1148
  Throw: Dart              |       |       |       |     2 ||     2
 Invoke: Curse Item        |       |       |     1 |     1 ||     2
    Use: Scroll            |     4 |     5 |     6 |       ||    15
         Potion            |       |       |     3 |     1 ||     4
   Stab: Sleeping          |    20 |    23 |    21 |     6 ||    70
         Distracted        |       |       |     1 |       ||     1
         Invisible         |       |       |     1 |       ||     1
 Armour: Robe              |     6 |    53 |   101 |    60 ||   220
  Dodge: Dodged            |    22 |    82 |   217 |   145 ||   466
  Block: Other             |       |       |     3 |    37 ||    40
         Reflection        |       |       |       |     2 ||     2

Table legend: (Time is in decaauts)
 A = Elapsed time spent in this place.
 B = Non-inter-level travel time spent in this place.
 C = Inter-level travel time spent in this place.
 D = Time resting spent in this place.
 E = Time spent auto-exploring this place.
 F = Levels seen in this place.
 G = Mean time per level.
                   A        B        C        D        E       F      G
               +--------+--------+--------+--------+--------+-----+--------+
         Total |   9573 |   9235 |    338 |   1782 |   5094 |   9 | 1063.7 |
       Dungeon |   9573 |   9235 |    338 |   1782 |   5094 |   9 | 1063.7 |
               +--------+--------+--------+--------+--------+-----+--------+

Top non-repeatable levels by time:
     D:7: 1656 daAuts
     D:6: 1408 daAuts
     D:8: 1081 daAuts
     D:4: 1059 daAuts
     D:9: 1007 daAuts
     D:3: 1002 daAuts
     D:2: 901 daAuts
     D:1: 765 daAuts
     D:5: 692 daAuts
